 Dungeon Crawl Stone Soup version 0.30.0-18-gf1372a6a44 (webtiles) character file.

Game seed: 8085441082129027358

68680 qw the Severer (level 15, -2/96 HPs)
             Began as a Gargoyle Fighter on May 21, 2023.
             Was a High Priest of Okawaru.
             Killed by divine providence
             ... invoked by a meliai
              (12 damage)
             ... on level 15 of the Dungeon.
             The game lasted 00:11:35 (21731 turns).

qw the Severer (Gargoyle Fighter)                  Turns: 21731, Time: 00:11:35

Health: -2/96      AC: 51    Str: 33    XL:     15   Next: 27%
Magic:  21/22      EV: 10    Int:  4    God:    Okawaru [*****.]
Gold:   1131       SH: 18    Dex:  9    Spells: 14/14 levels left

rFire   + . .        v - +1 broad axe
rCold   + + .        r - +0 kite shield
rNeg    + + +        E - +10 plate armour {ponderous}
rPois   inf          t - +1 helmet "Yminwesu" {Drain rC++ rN+++ Int-5}
rElec   +            (no cloak)
rCorr   .            i - +2 pair of gloves
SInv    .            C - +1 pair of boots {rF+}
Will    +....        n - amulet of reflection Stlth
                     j - +4 ring of protection
HPRegen 0.36/turn    w - +6 ring of strength
MPRegen 0.18/turn

%: reflection
@: about to teleport, heroic, flying, slow
A: sickness immunity, AC +11, big wings, negative energy resistance 1,
electricity resistance, torment resistance 1, petrification resistance
a: Renounce Religion, Heroism, Finesse, Duel


You were on level 15 of the Dungeon.
You worshipped Okawaru.
Okawaru was extremely pleased with you.
You visited 3 branches of the dungeon, and saw 21 of its levels.

You collected 1396 gold pieces.
You spent 265 gold pieces at shops.


Innate Abilities, Weirdness & Mutations

You are immune to sickness and miasma.
Your stone body is resilient. (AC +11)
You are immune to poison.
Your large and strong wings let you fly.
You resist negative energy. (rN+)
You are resistant to electric shocks. (rElec)
You are resistant to unholy torment.
You are immune to petrification.


   Skills:
 - Level 12.0(17.0) Fighting
 + Level 15.2(20.2) Axes
 - Level 6.0(11.0) Throwing
 - Level 11.0(16.0) Armour
 - Level 3.1(8.1) Dodging
 - Level 12.0(17.0) Shields
 - Level 10.0 Invocations


You had 14 spell levels left.
You didn't know any spells.
Your spell library was empty.

Inventory:

Hand Weapons
 s - a +3 morningstar
 v - a +1 broad axe (weapon)
 D - the +1 flail of the Common Good {drain, *Corrode +Blink rElec rC+++}
   (You found it on level 10 of the Dungeon)

   rC:        It renders you almost immune to cold.
   rElec:     It insulates you from electricity.
   +Blink:    It lets you blink.
   *Corrode:  It may corrode you when you take damage.
Missiles
 e - 2 silver boomerangs
 p - 14 boomerangs
 y - 12 javelins (quivered)
Armour
 f - +0 acid dragon scales
 i - a +2 pair of gloves (worn)
 r - a +0 kite shield (worn)
 t - the +1 helmet "Yminwesu" (worn) {Drain rC++ rN+++ Int-5}
   (Okawaru gifted it to you on level 12 of the Dungeon)

   Int:       It affects your intelligence (-5).
   rC:        It greatly protects you from cold.
   rN:        It renders you almost immune to negative energy.
   Drain:     It drains your maximum health when unequipped.
 C - a +1 pair of boots of fire resistance (worn)
 E - a +10 plate armour of ponderousness (worn)
Jewellery
 j - a +4 ring of protection (left hand)
 n - an amulet of reflection (around neck)
 w - a +6 ring of strength (right hand)
 A - a ring of protection from fire
Scrolls
 a - 4 scrolls of identify
 m - 4 scrolls of teleportation
Potions
 b - 5 potions of mutation
 c - a potion of cancellation
 d - 4 potions of might
 g - 2 potions of haste
 h - 5 potions of curing
 k - 2 potions of magic
 l - 6 potions of lignification
 u - 2 potions of resistance
 x - a potion of attraction
 B - a potion of heal wounds

Dungeon Overview and Level Annotations

Branches:
Dungeon (15/15)            Temple (1/1) D:5            Lair (5/5) D:11
  Swamp (0/4) Lair:2       Spider (0/4) Lair:2        Slime (0/5) Lair:5
    Orc (0/2) D:9          Vaults (0/5) D:14
 Depths: D:15

Altars:
Ashenzari
Cheibriados
Dithmenos
Elyvilon
Fedhas
Gozag
Hepliaklqana
Kikubaaqudgha
Makhleb
Nemelex Xobeh
Okawaru
Qazlal
Ru
Sif Muna
Trog
Uskayaw
Vehumet
Wu Jian
Xom
Yredelemnul
Zin
The Shining One
Jiyva

Shops:
D:2 =   D:4 *   D:10 *

Annotations:
D:3 4 runed translucent doors, qw's ghost, amateur GrFi
D:4 1 runed translucent door, Crazy Yiuf
D:7 3 runed translucent doors, qw's ghost, novice GrCA
D:13 4 transporters
D:14 2 runed translucent doors
Lair:1 3 runed translucent doors, qw's ghost, journeyman GrCA
Lair:2 1 runed translucent door, Xudgha's ghost, journeyman MiFi
Lair:3 1 runed translucent door, qw's ghost, journeyman GrFi


Message History

Something smites you!
21726 ||| INVOKING Heroism.
You gain the combat prowess of a mighty hero.
A meliai comes into view. It is wielding a +0 hand axe.
The meliai invokes the aid of its god against you.
Something smites you!
The meliai calls down the wrath of its god upon you.
Something smites you!
The meliai moves out of view.
The meliai mumbles some strange prayers to its god against you.
Something smites you!
You are too injured to fight recklessly!
The meliai calls down the wrath of its god upon you.
Something smites you!
A meliai comes into view. It is wielding a +0 hand axe.
The meliai calls down the wrath of its god upon you.
Something smites you!
The meliai invokes the aid of its god against you.
Something smites you!
21729 ||| READING 5 scrolls of teleportation.
As you read the scroll of teleportation, it crumbles to dust.
You feel strangely unstable. You block the meliai's attack.
The meliai stings you but does no damage.
The meliai hits you but does no damage. The meliai barely misses you.
21730 ||| DRINKING 2 potions of heal wounds.
You feel much better. The meliai barely misses you.
You block the meliai's attack. The meliai hits you with a +0 hand axe.
The meliai stings you but does no damage.
You slice the meliai!!
The meliai is almost dead.
The meliai calls upon its god to heal the meliai.
The meliai is healed somewhat.
The meliai mumbles some strange prayers to its god against you.
Something smites you! You block the meliai's attack.
The meliai stings you but does no damage.
You block the meliai's attack. The meliai stings you!
The meliai calls down the wrath of its god upon you.
Something smites you!
You die...

#.# #.# #.# #.# #.#
#.# #.###
.######.#.#########.#
#.............@yyy.#
.#####....#########.#
#.....# ##...## ##.##
#.# #.# #+#


You could see 3 meliai.

Vanquished Creatures
  A dire elephant (Lair:5)
  A hydra (Lair:5)
  Josephine (Lair:3)
  2 catoblepae
  Erica (Lair:2)
  A merfolk avatar (Lair:5)
  3 death yaks (Lair:5)
  6 two-headed ogres
  2 tengu warriors
  A boulder beetle (D:11)
  3 centaur warriors
  A fire crab (shapeshifter) (D:13)
  3 skysharks
  5 skeletal warriors
  4 sea snakes (Lair:5)
  2 bog bodies (Lair:2)
  Pikel (D:6)
  A wizard (D:14)
  A lindwurm (Lair:5)
  A deep elf pyromancer (D:13)
  3 necromancers (D:14)
  2 wolf spiders (Lair:3)
  2 harpies (Lair:5)
  11 ugly things
  5 cyclopes
  A manticore (Lair:5)
  3 black mambas
  3 elephants (Lair:5)
  2 torpor snails
  A demonic crawler (Lair:4)
  11 cane toads
  Maggie (D:7)
  Joseph (D:9)
  A gargoyle (D:11)
  A centaur skeleton (D:14)
  2 kobold demonologists (D:13)
  2 tengu conjurers (D:14)
  11 komodo dragons
  2 rime drakes
  4 trolls
  A tyrant leech (Lair:4)
  A polar bear (Lair:5)
  3 hornets
  11 blink frogs
  12 dream sheep
  2 centaur simulacra (D:14)
  A shadow (D:12)
  A vampire (D:12)
  8 wraiths
  34 yaks
  5 wyverns
  2 basilisks
  Eustachio (D:4)
  A steam dragon (Lair:5)
  5 vampire mosquitoes
  2 harpy simulacra (D:14)
  3 swamp worms (Lair:4)
  2 acid dragons
  33 water moccasins
  3 orc warriors
  2 ice beasts
  A black bear (D:6)
  An ogre (D:4)
  15 wolves
  10 centaurs
  4 lemures (D:6)
  4 kobold brigands
  A phantom (D:6)
  10 bullfrogs
  3 scorpions
  3 gnoll sergeants
  9 wights
  A killer bee (D:8)
  9 electric eels
  2 vampire bats (D:13)
  5 orc priests
  A jelly (D:5)
  A gnoll bouda (D:5)
  2 hounds
  A sleepcap (D:5)
  Jessica (D:3)
  4 iguanas
  12 orc wizards
  Ijyb (D:3)
  6 hell rats (Lair:3)
  2 scorpion zombies (D:3)
  Natasha (thrice) (D:3)
  24 adders
  21 gnolls
  3 ufetubi (D:4)
  3 worms
  4 dart slugs
  47 orcs
  6 endoplasms
  4 giant cockroaches
  5 hobgoblins
  4 jackals
  33 kobolds
  3 quokkas
  5 ball pythons
  13 bats
  2 frilled lizards
  4 goblins
  5 rats
541 creatures vanquished.

Vanquished Creatures (others)
  A kobold brigand (D:12)
  An adder (Lair:4)
  A fire vortex (Lair:2)
3 creatures vanquished.

Grand Total: 544 creatures vanquished

Notes
Turn   | Place    | Note
-------+----------+-------------------------------------------
     0 | D:1      | qw the Gargoyle Fighter began the quest for the Orb.
     0 | D:1      | Reached XP level 1. HP: 14/14 MP: 1/1
     0 | D:1      | 0 ||| qw: Version: 0.2-a-98-g16b38d9
     0 | D:1      | 0 ||| qw: Game counter: 17
     0 | D:1      | 0 ||| qw: Always use a shield: true
     0 | D:1      | 0 ||| qw: God list: Okawaru
     0 | D:1      | 0 ||| qw: Allow faded altars: false
     0 | D:1      | 0 ||| qw: Do Orc after D:15 true
     0 | D:1      | 0 ||| qw: Do second Lair branch before Depths: true
     0 | D:1      | 0 ||| qw: Lair rune preference: random
     0 | D:1      | 0 ||| qw: Plans: Normal, Zot:1-4, God:TSO, Crypt, Tomb,
                  | Pan, Slime:5, Hells, Abyss, Win
     0 | D:1      | 0 ||| PLANNING D:1-11
    12 | D:1      | 12 ||| Stepping ~*~*~tactically~*~*~ (hiding).
    13 | D:1      | 13 ||| Stepping ~*~*~tactically~*~*~ (hiding).
    20 | D:1      | Reached skill level 2 in Axes
   152 | D:1      | Reached XP level 2. HP: 19/19 MP: 2/2
   366 | D:1      | 366 ||| DROPPING +0 club.
   376 | D:1      | Reached skill level 3 in Axes
   376 | D:1      | Reached XP level 3. HP: 21/23 MP: 3/3
   387 | D:1      | 387 ||| Stepping ~*~*~tactically~*~*~ (stealth).
   457 | D:1      | 457 ||| Stepping ~*~*~tactically~*~*~ (stealth).
   596 | D:1      | 596 ||| Stepping ~*~*~tactically~*~*~ (hiding).
   682 | D:1      | 682 ||| Stepping ~*~*~tactically~*~*~ (hiding).
   802 | D:1      | 802 ||| Stepping ~*~*~tactically~*~*~ (hiding).
   844 | D:1      | 844 ||| UPGRADING to +0 plate armour.
   854 | D:1      | 854 ||| DROPPING +0 scale mail.
   855 | D:1      | 855 ||| UPGRADING to +0 pair of boots.
   860 | D:1      | 860 ||| Stepping ~*~*~tactically~*~*~ (stealth).
   861 | D:1      | 861 ||| DROPPING amulet of magic regeneration.
   862 | D:1      | 862 ||| UPGRADING to +4 ring of protection.
   863 | D:1      | 863 ||| READING scroll labelled ZODOHUE BOIL QEO.
   864 | D:1      | 864 ||| Stepping ~*~*~tactically~*~*~ (stealth).
   912 | D:2      | Reached XP level 4. HP: 28/28 MP: 4/4
   943 | D:2      | Reached skill level 4 in Axes
  1162 | D:2      | 1162 ||| Stepping ~*~*~tactically~*~*~ (stealth).
  1364 | D:2      | Found Zouzarao's Jewellery Shop.
  1373 | D:2      | 1373 ||| SHOPLISTING +4 ring of protection (432 gold, have
                  | 22).
  1373 | D:2      | 1373 ||| SHOPLISTING +5 ring of evasion (432 gold, have
                  | 22).
  1373 | D:2      | 1373 ||| SHOPLISTING amulet of guardian spirit (360 gold,
                  | have 22).
  1373 | D:2      | 1373 ||| SHOPLISTING amulet of reflection (360 gold, have
                  | 22).
  1373 | D:2      | 1373 ||| SHOPLISTING amulet of regeneration (360 gold, have
                  | 22).
  1373 | D:2      | 1373 ||| SHOPLISTING ring "Loidd" {rF+++ Will++ rCorr
                  | Str-5} (786 gold, have 22).
  1373 | D:2      | 1373 ||| SHOPLISTING ring of Huolimp {Wiz rF+} (528 gold,
                  | have 22).
  1373 | D:2      | 1373 ||| SHOPLISTING ring of ice (300 gold, have 22).
  1623 | D:2      | Reached XP level 5. HP: 32/32 MP: 5/5
  1809 | D:2      | 1809 ||| DROPPING amulet of faith.
  1810 | D:2      | 1810 ||| DROPPING ring of flight.
  1811 | D:2      | 1811 ||| READING scroll labelled GIYBLU IMPIU.
  1812 | D:2      | 1812 ||| READING scroll labelled MEPINY WAMP.
  1817 | D:2      | 1817 ||| READING 3 scrolls of identify.
  1817 | D:2      | 1817 ||| IDENTIFYING glowing sapphire potion
  1818 | D:2      | 1818 ||| READING 2 scrolls of identify.
  1818 | D:2      | 1818 ||| IDENTIFYING pink potion
  1903 | D:3      | Noticed Natasha
  1904 | D:3      | 1904 ||| Stepping ~*~*~tactically~*~*~ (hiding).
  1919 | D:3      | Killed Natasha
  1951 | D:3      | 1951 ||| Stepping ~*~*~tactically~*~*~ (stealth).
  1991 | D:3      | Found a faded altar of an unknown god.
  1992 | D:3      | Noticed Ijyb
  1993 | D:3      | 1993 ||| Stepping ~*~*~tactically~*~*~ (hiding).
  1998 | D:3      | 1998 ||| Stepping ~*~*~tactically~*~*~ (hiding).
  2007 | D:3      | Paralysed by Ijyb for 4 turns
  2016 | D:3      | Killed Ijyb
  2017 | D:3      | Reached skill level 5 in Axes
  2139 | D:3      | Found a runed translucent door.
  2139 | D:3      | Noticed qw's ghost (amateur GrFi)
  2200 | D:3      | Noticed Natasha
  2201 | D:3      | 2201 ||| Stepping ~*~*~tactically~*~*~ (stealth).
  2204 | D:3      | 2204 ||| Stepping ~*~*~tactically~*~*~ (hiding).
  2211 | D:3      | Killed Natasha
  2234 | D:3      | Found a runed translucent gate.
  2236 | D:3      | Found a runed translucent gate.
  2237 | D:3      | Found a runed translucent gate.
  2237 | D:3      | Noticed qw's ghost (amateur GrFi)
  2240 | D:3      | 2240 ||| READING scroll labelled FEMNAL NUTWO.
  2241 | D:3      | Found a basalt altar of Yredelemnul.
  2242 | D:3      | 2242 ||| DROPPING scroll of immolation.
  2253 | D:3      | Reached XP level 6. HP: 36/38 MP: 6/6
  2305 | D:3      | 2305 ||| DROPPING +0 whip.
  2310 | D:3      | Noticed Natasha
  2315 | D:3      | Killed Natasha
  2315 | D:3      | Noticed Jessica
  2326 | D:3      | Killed Jessica
  2486 | D:3      | 2486 ||| Stepping ~*~*~tactically~*~*~ (stealth).
  2494 | D:3      | Found an ancient bone altar of Kikubaaqudgha.
  2667 | D:3      | 2667 ||| Stepping ~*~*~tactically~*~*~ (stealth).
  2673 | D:3      | 2673 ||| Stepping ~*~*~tactically~*~*~ (stealth).
  2922 | D:3      | 2922 ||| DROPPING ring of wizardry.
  2923 | D:3      | 2923 ||| READING scroll labelled ROHEWNIALAY.
  2924 | D:3      | 2924 ||| DRINKING 2 bubbling ruby potions.
  2925 | D:3      | 2925 ||| DRINKING 2 clear potions.
  2926 | D:3      | 2926 ||| DROPPING potion of flight.
  2972 | D:4      | Reached skill level 6 in Axes
  2972 | D:4      | Reached XP level 7. HP: 29/43 MP: 7/7
  2972 | D:4      | 2972 ||| Stepping ~*~*~tactically~*~*~ (stealth).
  3038 | D:4      | 3038 ||| Stepping ~*~*~tactically~*~*~ (hiding).
  3051 | D:4      | 3051 ||| Stepping ~*~*~tactically~*~*~ (stealth).
  3065 | D:4      | 3065 ||| Stepping ~*~*~tactically~*~*~ (stealth).
  3068 | D:4      | 3068 ||| Stepping ~*~*~tactically~*~*~ (hiding).
  3087 | D:4      | Noticed Eustachio
  3088 | D:4      | 3088 ||| Stepping ~*~*~tactically~*~*~ (stealth).
  3090 | D:4      | 3090 ||| Stepping ~*~*~tactically~*~*~ (stealth).
  3153 | D:4      | Killed Eustachio
  3162 | D:4      | Found Vyofarif's Assorted Antiques.
  3171 | D:4      | 3171 ||| SHOPLISTING glowing copper wand (80 gold, have
                  | 77).
  3171 | D:4      | 3171 ||| SHOPLISTING glowing flail (130 gold, have 77).
  3171 | D:4      | 3171 ||| SHOPLISTING glowing mace (120 gold, have 77).
  3171 | D:4      | 3171 ||| SHOPLISTING heavily runed plate armour (560 gold,
                  | have 77).
  3171 | D:4      | 3171 ||| BUYING ruby potion (18 gold).
  3171 | D:4      | Bought a ruby potion for 18 gold pieces
  3211 | D:4      | 3211 ||| Stepping ~*~*~tactically~*~*~ (stealth).
  3320 | D:4      | Found a hide-covered altar of Uskayaw.
  3321 | D:4      | 3321 ||| Stepping ~*~*~tactically~*~*~ (hiding).
  3394 | D:4      | Reached skill level 7 in Axes
  3429 | D:4      | 3429 ||| Stepping ~*~*~tactically~*~*~ (stealth).
  3604 | D:4      | Found a runed translucent door.
  3605 | D:4      | Noticed Crazy Yiuf
  3706 | D:4      | 3706 ||| UPGRADING to +0 pair of gloves.
  3711 | D:4      | 3711 ||| READING 2 scrolls of identify.
  3711 | D:4      | 3711 ||| IDENTIFYING ruby potion
  3712 | D:4      | 3712 ||| DROPPING potion of berserk rage.
  3737 | D:5      | Entered Level 5 of the Dungeon
  3786 | D:5      | 3786 ||| Stepping ~*~*~tactically~*~*~ (hiding).
  3789 | D:5      | 3789 ||| Stepping ~*~*~tactically~*~*~ (hiding).
  3800 | D:5      | Reached XP level 8. HP: 38/49 MP: 8/8
  3890 | D:5      | Reached skill level 1 in Dodging
  3890 | D:5      | HP: 9/49 [gnoll/+0 halberd[a gnoll bouda] (6)]
  3892 | D:5      | HP: 1/49 [gnoll/+0 spear[a gnoll bouda] (5)]
  4155 | D:5      | 4155 ||| Stepping ~*~*~tactically~*~*~ (stealth).
  4172 | D:5      | 4172 ||| DRINKING potion of curing.
  4172 | D:5      | 4172 ||| (to cure confusion)
  4313 | D:5      | Found a staircase to the Ecumenical Temple.
  4314 | D:5      | 4314 ||| PLANNING TEMPLE
  4314 | D:5      | 4314 ||| DRINKING 2 murky yellow potions.
  4315 | D:5      | 4315 ||| DROPPING potion of degeneration.
  4322 | D:5      | 4322 ||| Stepping ~*~*~tactically~*~*~ (hiding).
  4345 | Temple   | Entered the Ecumenical Temple
  4507 | Temple   | 4507 ||| PLANNING D:1-11
  4704 | D:5      | HP: 11/49 [something/puff of flame (4)]
  4841 | D:5      | 4841 ||| DROPPING +0 flail.
  4989 | D:5      | Reached skill level 8 in Axes
  5138 | D:5      | 5138 ||| UPGRADING to ring of protection from fire.
  5230 | D:6      | 5230 ||| Stepping ~*~*~tactically~*~*~ (stealth).
  5243 | D:6      | Noticed Pikel
  5263 | D:6      | Killed Pikel
  5264 | D:6      | Reached XP level 9. HP: 40/59 MP: 9/9
  5420 | D:6      | 5420 ||| Stepping ~*~*~tactically~*~*~ (hiding).
  6036 | D:6      | 6036 ||| UPGRADING to amulet of reflection.
  6106 | D:7      | 6106 ||| Stepping ~*~*~tactically~*~*~ (stealth).
  6356 | D:7      | 6356 ||| Stepping ~*~*~tactically~*~*~ (stealth).
  6544 | D:7      | Reached skill level 9 in Axes
  6583 | D:7      | 6583 ||| DROPPING +0 morningstar.
  6608 | D:7      | Found a white marble altar of Elyvilon.
  6608 | D:7      | Found an iron altar of Okawaru.
  6609 | D:7      | 6609 ||| PLANNING OKAWARU WORSHIP
  6609 | D:7      | 6609 ||| READING scroll labelled ZASYUV DEKANT.
  6614 | D:7      | Became a worshipper of Warmaster Okawaru
  6614 | D:7      | 6614 ||| PLANNING D:1-11
  6829 | D:7      | Noticed Maggie
  6855 | D:7      | Killed Maggie
  6856 | D:7      | Reached skill level 6 in Armour
  7005 | D:7      | Reached * piety under Okawaru
  7039 | D:7      | Found a broken altar of Ashenzari.
  7063 | D:7      | 7063 ||| Stepping ~*~*~tactically~*~*~ (stealth).
  7074 | D:7      | Reached skill level 1 in Invocations
  7162 | D:7      | 7162 ||| INVOKING Heroism.
  7171 | D:7      | Reached XP level 10. HP: 64/64 MP: 9/11
  7193 | D:7      | Found a runed translucent gate.
  7194 | D:7      | Found a runed translucent gate.
  7195 | D:7      | Found a runed translucent gate.
  7197 | D:7      | Noticed qw's ghost (novice GrCA)
  7198 | D:7      | Noticed a kobold demonologist
  7420 | D:7      | Found a shimmering blue altar of Sif Muna.
  7584 | D:7      | 7584 ||| UPGRADING to +0 kite shield.
  7594 | D:7      | 7594 ||| DROPPING +0 buckler.
  7595 | D:7      | 7595 ||| READING scroll labelled HEUNKO UREDOC.
  7603 | D:8      | 7603 ||| PLANNING OSSUARY
  7620 | D:8      | Noticed a tengu warrior
  7664 | D:8      | 7664 ||| Stepping ~*~*~tactically~*~*~ (hiding).
  7667 | D:8      | 7667 ||| Stepping ~*~*~tactically~*~*~ (hiding).
  7668 | D:8      | 7668 ||| Stepping ~*~*~tactically~*~*~ (hiding).
  7713 | D:8      | Reached skill level 3 in Invocations
  7808 | D:8      | 7808 ||| Stepping ~*~*~tactically~*~*~ (stealth).
  7862 | D:8      | Noticed a two-headed ogre
  7863 | D:8      | 7863 ||| INVOKING Heroism.
  7871 | D:8      | Killed a two-headed ogre
  8145 | D:8      | 8145 ||| INVOKING Heroism.
  8158 | D:8      | Reached skill level 6 in Shields
  8231 | D:8      | 8231 ||| INVOKING Heroism.
  8245 | D:8      | 8245 ||| RIP OSSUARY
  8246 | D:8      | 8246 ||| PLANNING D:1-11
  8469 | D:8      | Found a snail-covered altar of Cheibriados.
  8725 | D:8      | 8725 ||| READING scroll labelled ZIYREAL ADUNEH.
  8726 | D:8      | 8726 ||| READING scroll labelled RUIPHI ISHRI.
  8727 | D:8      | 8727 ||| READING 2 scrolls of identify.
  8727 | D:8      | 8727 ||| IDENTIFYING inky potion
  8815 | D:9      | Reached ** piety under Okawaru
  8904 | D:9      | 8904 ||| INVOKING Heroism.
  9002 | D:9      | Noticed Joseph
  9021 | D:9      | Killed Joseph
  9050 | D:9      | 9050 ||| Stepping ~*~*~tactically~*~*~ (stealth).
  9052 | D:9      | 9052 ||| Stepping ~*~*~tactically~*~*~ (hiding).
  9396 | D:9      | Found a staircase to the Orcish Mines.
  9692 | D:9      | 9692 ||| Stepping ~*~*~tactically~*~*~ (hiding).
  9693 | D:9      | 9693 ||| Stepping ~*~*~tactically~*~*~ (hiding).
  9694 | D:9      | 9694 ||| Stepping ~*~*~tactically~*~*~ (hiding).
  9695 | D:9      | 9695 ||| Stepping ~*~*~tactically~*~*~ (hiding).
  9743 | D:9      | 9743 ||| READING scroll labelled WEIPSOSUGH.
  9744 | D:9      | 9744 ||| READING scroll labelled DASAISIELI.
  9772 | D:10     | Entered Level 10 of the Dungeon
  9773 | D:10     | Noticed a two-headed ogre
  9774 | D:10     | 9774 ||| INVOKING Heroism.
  9777 | D:10     | Reached skill level 9 in Shields
  9781 | D:10     | Killed a two-headed ogre
  9782 | D:10     | Reached skill level 10 in Axes
  9782 | D:10     | Reached XP level 11. HP: 63/68 MP: 12/14
  9932 | D:10     | 9932 ||| INVOKING Heroism.
  9943 | D:10     | 9943 ||| Stepping ~*~*~tactically~*~*~ (hiding).
 10087 | D:10     | Found Etsohe's Fire Supplies.
 10099 | D:10     | 10099 ||| SHOPLISTING +0 fire dragon scales (900 gold, have
                  | 444).
 10099 | D:10     | 10099 ||| BUYING +1 pair of boots of fire resistance (247
                  | gold).
 10099 | D:10     | Bought a +1 pair of boots of fire resistance for 247 gold
                  | pieces
 10099 | D:10     | 10099 ||| SHOPLISTING ring of fire (375 gold, have 197).
 10185 | D:10     | Found a sacrificial altar of Ru.
 10237 | D:10     | Identified the +1 flail of the Common Good {drain, *Corrode
                  | +Blink rElec rC+++}
 10566 | D:10     | 10566 ||| UPGRADING to +1 pair of boots of fire resistance.
 10576 | D:10     | 10576 ||| DROPPING +0 pair of boots.
 10577 | D:10     | 10577 ||| UPGRADING to ring of willpower.
 10579 | D:10     | 10579 ||| READING scroll labelled COIPEC RUNT.
 10580 | D:10     | 10580 ||| DRINKING 2 black potions.
 10581 | D:10     | 10581 ||| DRINKING potion of curing.
 10581 | D:10     | 10581 ||| (to cure confusion)
 10582 | D:10     | 10582 ||| DRINKING 2 sedimented puce potions.
 10583 | D:10     | 10583 ||| DROPPING potion of ambrosia.
 10605 | D:11     | 10605 ||| Stepping ~*~*~tactically~*~*~ (stealth).
 10619 | D:11     | Reached *** piety under Okawaru
 10715 | D:11     | Identified the +1 scale mail of the Heavens {rPois}
 10720 | D:11     | Found a staircase to the Lair.
 10737 | D:11     | 10737 ||| Stepping ~*~*~tactically~*~*~ (hiding).
 10747 | D:11     | 10747 ||| Stepping ~*~*~tactically~*~*~ (hiding).
 10773 | D:11     | 10773 ||| READING scroll of enchant armour.
 10773 | D:11     | 10773 ||| ENCHANTING +0 pair of gloves.
 10784 | D:11     | 10784 ||| Stepping ~*~*~tactically~*~*~ (hiding).
 10786 | D:11     | 10786 ||| Stepping ~*~*~tactically~*~*~ (hiding).
 10792 | D:11     | Noticed a green ugly thing
 10810 | D:11     | Killed a green ugly thing
 10813 | D:11     | Noticed a boulder beetle
 10814 | D:11     | 10814 ||| INVOKING Heroism.
 10843 | D:11     | 10843 ||| INVOKING Heroism.
 10861 | D:11     | 10861 ||| INVOKING Heroism.
 10867 | D:11     | Killed a boulder beetle
 10968 | D:11     | Reached skill level 3 in Throwing
 10992 | D:11     | 10992 ||| Stepping ~*~*~tactically~*~*~ (hiding).
 10993 | D:11     | 10993 ||| Stepping ~*~*~tactically~*~*~ (hiding).
 11143 | D:11     | Reached skill level 11 in Axes
 11190 | D:11     | 11190 ||| Stepping ~*~*~tactically~*~*~ (hiding).
 11195 | D:11     | 11195 ||| INVOKING Heroism.
 11279 | D:11     | 11279 ||| Stepping ~*~*~tactically~*~*~ (stealth).
 11468 | D:11     | 11468 ||| PLANNING LAIR
 11468 | D:11     | 11468 ||| READING scroll labelled SOTWOE KIECODGH.
 11469 | D:11     | 11469 ||| DRINKING 2 dark potions.
 11470 | D:11     | 11470 ||| DROPPING potion of brilliance.
 11529 | Lair:1   | Entered Level 1 of the Lair of Beasts
 11543 | Lair:1   | 11543 ||| Stepping ~*~*~tactically~*~*~ (hiding).
 11599 | Lair:1   | 11599 ||| INVOKING Heroism.
 11719 | Lair:1   | 11719 ||| INVOKING Heroism.
 11936 | Lair:1   | 11936 ||| INVOKING Heroism.
 12052 | Lair:1   | 12052 ||| INVOKING Heroism.
 12098 | Lair:1   | Reached skill level 9 in Fighting
 12287 | Lair:1   | Found a runed translucent gate.
 12287 | Lair:1   | Found a runed translucent gate.
 12287 | Lair:1   | Found a runed translucent gate.
 12290 | Lair:1   | Noticed a spectral death yak
 12291 | Lair:1   | Found the macabre finger necklace {Finger+ rN+}
 12292 | Lair:1   | Noticed qw's ghost (journeyman GrCA)
 12313 | Lair:1   | 12313 ||| INVOKING Heroism.
 12741 | Lair:1   | 12741 ||| READING scroll labelled BONNUDD ZUOPNU.
 12761 | Lair:2   | Found a runed translucent door.
 12859 | Lair:2   | Found a hole to the Spider Nest.
 12872 | Lair:2   | Reached XP level 12. HP: 63/76 MP: 15/15
 12928 | Lair:2   | Noticed Erica
 12929 | Lair:2   | 12929 ||| Stepping ~*~*~tactically~*~*~ (hiding).
 12936 | Lair:2   | 12936 ||| INVOKING Heroism.
 12944 | Lair:2   | 12944 ||| Stepping ~*~*~tactically~*~*~ (stealth).
 12945 | Lair:2   | 12945 ||| PLANNING LAIR
 12950 | Lair:2   | Killed Erica
 13009 | Lair:2   | 13009 ||| Stepping ~*~*~tactically~*~*~ (hiding).
 13021 | Lair:2   | 13021 ||| INVOKING Heroism.
 13023 | Lair:2   | Reached skill level 12 in Axes
 13041 | Lair:2   | 13041 ||| Stepping ~*~*~tactically~*~*~ (stealth).
 13086 | Lair:2   | Found a staircase to the Swamp.
 13088 | Lair:2   | 13088 ||| INVOKING Heroism.
 13165 | Lair:2   | Reached **** piety under Okawaru
 13169 | Lair:2   | Identified the +6 long sword "Lushraeca" {flame, rC+ Str+3}
 13614 | Lair:2   | Noticed Xudgha's ghost (journeyman MiFi)
 13645 | Lair:2   | 13645 ||| READING 2 scrolls of identify.
 13645 | Lair:2   | 13645 ||| IDENTIFYING fizzy cyan potion
 13695 | Lair:3   | 13695 ||| STAIRDANCE
 13854 | Lair:3   | 13854 ||| INVOKING Heroism.
 13880 | Lair:3   | 13880 ||| INVOKING Heroism.
 13922 | Lair:3   | Found a runed translucent door.
 13923 | Lair:3   | Noticed qw's ghost (journeyman GrFi)
 13947 | Lair:3   | Noticed Josephine
 13971 | Lair:3   | Killed Josephine
 14104 | Lair:3   | 14104 ||| READING scroll of enchant armour.
 14104 | Lair:3   | 14104 ||| ENCHANTING +1 pair of gloves.
 14124 | Lair:3   | 14124 ||| INVOKING Heroism.
 14322 | Lair:3   | 14322 ||| Stepping ~*~*~tactically~*~*~ (stealth).
 14323 | Lair:3   | 14323 ||| Stepping ~*~*~tactically~*~*~ (stealth).
 14382 | Lair:3   | 14382 ||| INVOKING Heroism.
 14387 | Lair:3   | Reached skill level 9 in Armour
 14392 | Lair:3   | Reached skill level 6 in Invocations
 14449 | Lair:3   | Noticed a catoblepas
 14450 | Lair:3   | 14450 ||| INVOKING Heroism.
 14463 | Lair:3   | Killed a catoblepas
 14808 | Lair:3   | 14808 ||| UPGRADING to +2 hat.
 14831 | Lair:4   | 14831 ||| INVOKING Heroism.
 14846 | Lair:4   | Received a gift from Okawaru
 14911 | Lair:4   | 14911 ||| INVOKING Heroism.
 14955 | Lair:4   | 14955 ||| INVOKING Heroism.
 15043 | Lair:4   | 15043 ||| Stepping ~*~*~tactically~*~*~ (stealth).
 15057 | Lair:4   | Reached XP level 13. HP: 82/82 MP: 18/18
 15208 | Lair:4   | 15208 ||| Stepping ~*~*~tactically~*~*~ (stealth).
 15209 | Lair:4   | 15209 ||| Stepping ~*~*~tactically~*~*~ (stealth).
 15354 | Lair:4   | 15354 ||| Stepping ~*~*~tactically~*~*~ (stealth).
 15413 | Lair:4   | 15413 ||| INVOKING Heroism.
 15462 | Lair:4   | Reached skill level 9 in Invocations
 15541 | Lair:4   | 15541 ||| Stepping ~*~*~tactically~*~*~ (hiding).
 15542 | Lair:4   | 15542 ||| Stepping ~*~*~tactically~*~*~ (stealth).
 15551 | Lair:4   | 15551 ||| INVOKING Heroism.
 15563 | Lair:4   | Received a gift from Okawaru
 16142 | Lair:4   | 16142 ||| Stepping ~*~*~tactically~*~*~ (stealth).
 16179 | Lair:4   | 16179 ||| Stepping ~*~*~tactically~*~*~ (water).
 16249 | Lair:4   | 16249 ||| INVOKING Heroism.
 16255 | Lair:4   | Received a gift from Okawaru
 16450 | Lair:4   | 16450 ||| DROPPING +0 chain mail of cold resistance.
 16451 | Lair:4   | 16451 ||| UPGRADING to +10 plate armour of ponderousness.
 16461 | Lair:4   | 16461 ||| DROPPING +0 plate armour.
 16462 | Lair:4   | 16462 ||| DROPPING ring of positive energy.
 16463 | Lair:4   | 16463 ||| UPGRADING to +6 ring of strength.
 16465 | Lair:4   | 16465 ||| DROPPING +6 ring of dexterity.
 16466 | Lair:4   | 16466 ||| DROPPING ring of willpower.
 16467 | Lair:4   | 16467 ||| READING 2 scrolls of identify.
 16467 | Lair:4   | 16467 ||| IDENTIFYING bubbling sapphire potion
 16489 | Lair:5   | Entered Level 5 of the Lair of Beasts
 16497 | Lair:5   | 16497 ||| INVOKING Heroism.
 16509 | Lair:5   | Reached skill level 13 in Axes
 16594 | Lair:5   | 16594 ||| INVOKING Heroism.
 16598 | Lair:5   | Received a gift from Okawaru
 16600 | Lair:5   | 16600 ||| SWAPPING to +3 morningstar.
 16606 | Lair:5   | Received a gift from Okawaru
 16607 | Lair:5   | 16607 ||| SWAPPING to +1 war axe of protection.
 16607 | Lair:5   | Noticed a dire elephant
 16618 | Lair:5   | 16618 ||| INVOKING Heroism.
 16627 | Lair:5   | Killed a dire elephant
 16742 | Lair:5   | Reached ***** piety under Okawaru
 16770 | Lair:5   | Received a gift from Okawaru
 16801 | Lair:5   | Reached skill level 14 in Axes
 16814 | Lair:5   | 16814 ||| Stepping ~*~*~tactically~*~*~ (stealth).
 16822 | Lair:5   | 16822 ||| INVOKING Heroism.
 16837 | Lair:5   | Gained mutation: Your large and strong wings let you fly.
                  | [Gargoyle growth]
 16837 | Lair:5   | Reached XP level 14. HP: 76/88 MP: 19/21
 16854 | Lair:5   | 16854 ||| INVOKING Heroism.
 16892 | Lair:5   | 16892 ||| INVOKING Heroism.
 16958 | Lair:5   | 16958 ||| INVOKING Heroism.
 17184 | Lair:5   | 17184 ||| Stepping ~*~*~tactically~*~*~ (stealth).
 17185 | Lair:5   | 17185 ||| Stepping ~*~*~tactically~*~*~ (stealth).
 17186 | Lair:5   | 17186 ||| Stepping ~*~*~tactically~*~*~ (stealth).
 17187 | Lair:5   | 17187 ||| INVOKING Heroism.
 17196 | Lair:5   | Received a gift from Okawaru
 17197 | Lair:5   | Reached skill level 12 in Shields
 17222 | Lair:5   | 17222 ||| INVOKING Finesse.
 17223 | Lair:5   | 17223 ||| Stepping ~*~*~tactically~*~*~ (stealth).
 17229 | Lair:5   | 17229 ||| Stepping ~*~*~tactically~*~*~ (stealth).
 17231 | Lair:5   | 17231 ||| INVOKING Heroism.
 17254 | Lair:5   | Received a gift from Okawaru
 17400 | Lair:5   | 17400 ||| INVOKING Heroism.
 17401 | Lair:5   | 17401 ||| Stepping ~*~*~tactically~*~*~ (hiding).
 17402 | Lair:5   | 17402 ||| INVOKING Finesse.
 17410 | Lair:5   | 17410 ||| Stepping ~*~*~tactically~*~*~ (hiding).
 17411 | Lair:5   | 17411 ||| Stepping ~*~*~tactically~*~*~ (stealth).
 17412 | Lair:5   | 17412 ||| Stepping ~*~*~tactically~*~*~ (stealth).
 17417 | Lair:5   | 17417 ||| Stepping ~*~*~tactically~*~*~ (hiding).
 17558 | Lair:5   | 17558 ||| Stepping ~*~*~tactically~*~*~ (hiding).
 17636 | Lair:5   | Received a gift from Okawaru
 17856 | Lair:5   | Found a viscous altar of Jiyva.
 17856 | Lair:5   | Found a staircase to the Slime Pits.
 17868 | Lair:5   | 17868 ||| PLANNING D
 18147 | D:12     | 18147 ||| Stepping ~*~*~tactically~*~*~ (stealth).
 18161 | D:12     | Identified the +1 leather armour of the Tentacled God
                  | {rElec SInv}
 18178 | D:12     | 18178 ||| Stepping ~*~*~tactically~*~*~ (hiding).
 18394 | D:12     | 18394 ||| Stepping ~*~*~tactically~*~*~ (stealth).
 18399 | D:12     | Identified the +1 helmet "Yminwesu" {Drain rC++ rN+++
                  | Int-5} (Okawaru gifted it to you on level 12 of the
                  | Dungeon)
 18399 | D:12     | Received a gift from Okawaru
 19152 | D:12     | 19152 ||| UPGRADING to +1 helmet "Yminwesu" {Drain rC++
                  | rN+++ Int-5}.
 19162 | D:12     | 19162 ||| DROPPING +2 hat.
 19309 | D:13     | 19309 ||| Stepping ~*~*~tactically~*~*~ (hiding).
 19310 | D:13     | 19310 ||| Stepping ~*~*~tactically~*~*~ (hiding).
 19312 | D:13     | 19312 ||| Stepping ~*~*~tactically~*~*~ (hiding).
 19328 | D:13     | 19328 ||| INVOKING Heroism.
 19329 | D:13     | 19329 ||| INVOKING Finesse.
 19415 | D:13     | Found an ornate altar of the Wu Jian Council.
 19416 | D:13     | Found a transporter.
 19477 | D:13     | 19477 ||| Stepping ~*~*~tactically~*~*~ (cloud).
 19596 | D:13     | Reached skill level 6 in Throwing
 19698 | D:13     | Found a transporter.
 19760 | D:13     | Found a transporter.
 19761 | D:13     | Noticed a vault warden
 19884 | D:13     | 19884 ||| Stepping ~*~*~tactically~*~*~ (hiding).
 19886 | D:13     | 19886 ||| Stepping ~*~*~tactically~*~*~ (hiding).
 20044 | D:13     | Found a transporter.
 20066 | D:14     | 20066 ||| INVOKING Heroism.
 20096 | D:14     | Reached skill level 15 in Axes
 20096 | D:14     | 20096 ||| STAIRDANCE
 20099 | D:13     | 20099 ||| INVOKING Heroism.
 20327 | D:14     | Found a gate to the Vaults.
 20328 | D:14     | 20328 ||| Stepping ~*~*~tactically~*~*~ (hiding).
 20329 | D:14     | 20329 ||| Stepping ~*~*~tactically~*~*~ (hiding).
 20330 | D:14     | 20330 ||| Stepping ~*~*~tactically~*~*~ (hiding).
 20339 | D:14     | Reached XP level 15. HP: 94/94 MP: 22/22
 20423 | D:14     | Reached skill level 3 in Dodging
 20481 | D:14     | 20481 ||| SWAPPING to +0 broad axe.
 20482 | D:14     | 20482 ||| Stepping ~*~*~tactically~*~*~ (hiding).
 20538 | D:14     | 20538 ||| DROPPING +1 war axe of protection.
 20717 | D:14     | Found a large runed translucent door.
 20717 | D:14     | Found a large runed translucent door.
 20910 | D:14     | Reached skill level 12 in Fighting
 21104 | D:14     | 21104 ||| READING scroll of enchant weapon.
 21104 | D:14     | 21104 ||| ENCHANTING +0 broad axe.
 21236 | D:14     | Found a shimmering altar of Xom.
 21272 | D:14     | 21272 ||| Stepping ~*~*~tactically~*~*~ (hiding).
 21274 | D:14     | 21274 ||| Stepping ~*~*~tactically~*~*~ (hiding).
 21280 | D:14     | Received a gift from Okawaru
 21411 | D:14     | 21411 ||| Stepping ~*~*~tactically~*~*~ (hiding).
 21664 | D:15     | Entered Level 15 of the Dungeon
 21726 | D:15     | 21726 ||| INVOKING Heroism.
 21728 | D:15     | HP: 18/96 [meliai/divine providence (11)]
 21728 | D:15     | HP: 8/96 [meliai/divine providence (10)]
 21729 | D:15     | 21729 ||| READING 5 scrolls of teleportation.
 21730 | D:15     | 21730 ||| DRINKING 2 potions of heal wounds.
 21731 | D:15     | Killed from afar by a meliai

Levels and vault maps discovered:
D:1:      amcnicky_arrival_single_pillar, layout_rooms, minivault_19,
          minmay_door_square
D:2:      layout_loops_corners, serial_shops, shop, minmay_tetromino_t2
D:3:      layout_loops_ring, lemuel_coloured_pillars_altar,
          nicolae_yredelemnul_ghost_church, ebering_ghost_inner_flame,
          shapermc_ecumenical_altar_mp_urbaneastern, uniq_jessica, uniq_natasha,
          uniq_ijyb
D:4:      layout_rooms, nicolae_uskayaw_murder_on_the_dancefloor, serial_shops,
          shop, uniq_eustachio, uniq_crazy_yiuf_cottage
D:5:      layout_cave_pods, temple_statues, serial_rivers,
          chequers_serial_rivers_marsh, chequers_serial_rivers_large_a,
          chequers_serial_rivers_small_b, chequers_serial_rivers_small_b,
          chequers_serial_rivers_small_b
D:6:      layout_basic, uniq_pikel
D:7:      layout_layer_cave, ashenzari_altar_1, lemuel_blue_sif_altar,
          gammafunk_temple_overflow_statue, gammafunk_ghost_nasty_kobolds,
          uniq_maggie
D:8:      layout_gridville, kennysheep_slug_shrine, enter_ossuary_5,
          chequers_big_river, minivault_27, wad_dig_loot
D:9:      layout_stronghold, orc_0_dummy, uniq_joseph
D:10:     layout_loops_ring, nicolae_ru_path_of_blood, nicolae_shop_fire_sale
          [nicolae_sub_dead_trees], kennysheep_dice
D:11:     layout_loops_cross, lair_entry_dummy
D:12:     layout_layer_cave
D:13:     dreamdust_wu_jian_sword_trials, layout_irregular_city, hex_medium,
          roderic_batcave
D:14:     due_chaos_kobolds, layout_cave_pods, david_vaults_1,
          minmay_misc_feat_four_crosses
D:15:     hangedman_depths_entry_civil_slaughter, layout_loops_corners,
          nemelex_lonely_heart_becter
Temple:   nicolae_temple_bog_church
Lair:1:   layout_cave_pods, gammafunk_ghost_necromancy, grunt_megastairs_4
Lair:2:   layout_gridlike, skrybe_swamp_entry_bodies,
          spider_nest_entry_web_field, ebering_ghost_reflecting_pool, uniq_erica
Lair:3:   layout_long_grid, gammafunk_ghost_grave,
          nicolae_lair_run_with_the_wolves, uniq_josephine
Lair:4:   lemuel_reptile_caves, layout_cave_pods, worms_lemuel,
          serial_bayou_shore_a, serial_bayou_shore_b
Lair:5:   gammafunk_lair_ancient_temple, layout_misc_corridors,
          dpeg_slime_entry_corner

Skill      XL: |  1  2  3  4  5  6  7  8  9 10 11 12 13 14 15 |
---------------+----------------------------------------------+-----
Axes           | 2 3 4 5 6 7 8 9 10 11 12 14 15 | 15.2
Fighting       | 4 5 7 9 10 11 12 | 12.0
Armour         | 4 5 6 8 9 11 | 11.0
Dodging        | 1 2 3 |  3.1
Throwing       | 2 3 4 6 |  6.0
Shields        | 4 9 10 11 12 | 12.0
Invocations    | 2 4 7 10 | 10.0

Action                     |  1- 3 |  4- 6 |  7- 9 | 10-12 | 13-15 || total
---------------------------+-------+-------+-------+-------+-------++-------
  Melee: War axe           |    76 |   174 |   396 |   686 |   822 ||  2154
         Morningstar       |       |       |       |       |     6 ||     6
         Broad axe         |       |       |       |       |    63 ||    63
  Throw: Boomerang         |       |       |    29 |    64 |    28 ||   121
         Javelin           |       |       |       |    74 |   140 ||   214
 Invoke: Heroism           |       |       |     1 |    26 |    17 ||    44
         Finesse           |       |       |       |       |     3 ||     3
    Use: Scroll            |     1 |     6 |     2 |    12 |     3 ||    24
         Potion            |       |     2 |     2 |     4 |     1 ||     9
 Armour: Scale mail        |    22 |       |       |       |       ||    22
         Plate armour      |    20 |   141 |   332 |   286 |   587 ||  1366
  Dodge: Dodged            |    31 |    47 |   114 |    98 |   259 ||   549
  Block: Buckler           |    12 |    31 |   145 |       |       ||   188
         Reflection        |       |       |     1 |    14 |    26 ||    41
         Kite shield       |       |       |       |   432 |   804 ||  1236

Table legend:
 A = Non-vault XP
 B = Vault XP
 C = Vault XP percentage of total XP
 D = Non-vault monster count
 E = Vault monster count
 F = Vault count percentage of total count
                 A         B        C        D         E       F
            +---------+---------+-------+---------+---------+-------
      Total |   70876 |   27239 |  27.8 |     434 |     103 |  19.2
            +---------+---------+-------+---------+---------+-------
        D:1 |      70 |       0 |   0.0 |      29 |       0 |   0.0
        D:2 |      94 |       3 |   3.1 |      19 |       2 |   9.5
        D:3 |     155 |     174 |  52.9 |      20 |       5 |  20.0
        D:4 |     466 |     185 |  28.4 |      30 |       1 |   3.2
        D:5 |     695 |       0 |   0.0 |      25 |       0 |   0.0
        D:6 |     519 |     663 |  56.1 |       7 |       1 |  12.5
        D:7 |    1292 |     409 |  24.0 |      30 |       1 |   3.2
        D:8 |    1768 |      84 |   4.5 |      17 |       3 |  15.0
        D:9 |    1320 |     407 |  23.6 |      28 |       1 |   3.4
       D:10 |    1581 |     524 |  24.9 |       5 |       3 |  37.5
       D:11 |    3529 |       0 |   0.0 |      28 |       0 |   0.0
       D:12 |    4488 |       0 |   0.0 |      17 |       0 |   0.0
       D:13 |    7216 |     115 |   1.6 |      19 |       7 |  26.9
       D:14 |   13637 |    3426 |  20.1 |      29 |       5 |  14.7
     Lair:1 |    3506 |     536 |  13.3 |      15 |       2 |  11.8
     Lair:2 |    1783 |    2671 |  60.0 |      10 |       5 |  33.3
     Lair:3 |    3007 |    2798 |  48.2 |      15 |       8 |  34.8
     Lair:4 |    9253 |    4942 |  34.8 |      38 |      40 |  51.3
     Lair:5 |   16497 |   10302 |  38.4 |      53 |      19 |  26.4
            +---------+---------+-------+---------+---------+-------
